 Dungeon Crawl Stone Soup version bcrawl-1.23 (webtiles) character file.

Game seed: 12861870180620472805

93 Chiseanne the Skirmisher (level 4, -3/30 HPs)
             Began as a Gargoyle Martial Artist on May 23, 2020.
             Was a Believer of Wu Jian.
             Slain by a gnoll
             ... wielding a +0 halberd
              (7 damage)
             ... on level 3 of the Dungeon.
             The game lasted 00:04:00 (1377 turns).

Chiseanne the Skirmisher (Gargoyle Martial Artist)  Turns: 1377, Time: 00:04:01

Health: -3/30      AC:  9    Str: 16    XL:     4   Next: 61%
Magic:  5/5        EV: 10    Int: 10    God:    Wu Jian [**....]
Gold:   43         SH:  0    Dex: 12    Spells: 5/5 levels left

rFire    . . .     SeeInvis .     - Unarmed
rCold    . . .     Gourm    .   (no shield)
rNeg     + . .     Faith    .   g - +0 scale mail
rPois    ∞         Spirit   .   (no helmet)
rElec    +         Reflect  .   (no cloak)
rCorr    .         Harm     .   (no gloves)
MR       .....                  (no boots)
Stlth    ..........             (no amulet)
HPRegen  0.10/turn              (no ring)
MPRegen  0.09/turn              (no ring)

@: drained
A: negative energy resistance 1, electricity resistance, unbreathing,
petrification resistance, rot immunity, AC +3
a: Wall Jump, Serpent's Lash, Renounce Religion


You were on level 3 of the Dungeon.
You worshipped Wu Jian.
Wu Jian was pleased with you.
You were not hungry.

You visited 1 branch of the dungeon, and saw 3 of its levels.
You also visited: Sewer.

You collected 43 gold pieces.

Inventory:

Missiles
 c - 2 stones (quivered)
 i - 304 sling bullets
Armour
 g - a +0 scale mail (worn)
Scrolls
 j - 2 scrolls of fear
 o - a scroll of blinking {unknown}
Potions
 b - a potion of agility
 f - 2 potions of brilliance {unknown}
 l - 2 potions of heal wounds {unknown}
 m - a potion of might {unknown}
Comestibles
 a - a chunk of flesh
 e - 2 rations {!d}


   Skills:
 * Level 4.4(3.7) Fighting
 * Level 1.8(1.1) Armour
 * Level 3.2(2.6) Dodging
 - Level 1.2(0.6) Stealth
 - Level 4.0(3.3) Unarmed Combat
 - Level 1.0(0.3) Spellcasting
   Level 0.8(0.2) Hexes


You had 5 spell levels left.
You didn't know any spells.
Your spell library was empty.

Dungeon Overview and Level Annotations

Branches:
Dungeon (3/12)

Altars:
Kikubaaqudgha
Makhleb
Sif Muna


Innate Abilities, Weirdness & Mutations

You are resistant to torment.
Your stone body is resilient. (AC +3)
You are immune to poison.
You resist negative energy. (rN+)
You are resistant to electric shocks. (rElec)
You can survive without breathing.
You are immune to petrification.
You are immune to rotting.


Message History

You hear a shout!
The orc hits you but does no damage. The gnoll misses you.
You barely miss the gnoll.
The gnoll is heavily wounded.
The orc barely misses you. The gnoll hits you but does no damage.
Your scale mail prevents you from hitting the gnoll.
The gnoll is heavily wounded.
The orc closely misses you.
You hit the gnoll but do no damage.
The gnoll is heavily wounded.
The gnoll hits you with a +0 halberd.
You hit the gnoll.
The gnoll is heavily wounded.
The orc barely misses you. The gnoll hits you with a +0 halberd!
* * * LOW HITPOINT WARNING * * *
The hobgoblin barely misses you.
You closely miss the gnoll.
The gnoll is heavily wounded.
The orc closely misses you. The gnoll hits you with a +0 halberd!
You die...

# #### #.
#..
#..#g#####.#
#...@g......
#.##o#####.#
#.# ... ..#
####


You could see a gnoll, an orc and a hobgoblin.

Vanquished Creatures
  2 adders
  2 river rats (Sewer)
  2 worms (D:2)
  2 dart slugs
  A leopard gecko (D:3)
  5 ball pythons
  4 bats
  2 giant cockroaches
  A goblin (D:2)
  3 hobgoblins
  4 jackals
  4 kobolds
  2 quokkas
  8 frilled lizards
  6 rats
48 creatures vanquished.

Notes
Turn   | Place    | Note
-------+----------+-------------------------------------------
     0 | D:1      | Chiseanne the Gargoyle Martial Artist began the quest for
                  | the Orb.
     0 | D:1      | Reached XP level 1. HP: 14/14 MP: 2/2
   240 | D:1      | Reached XP level 2. HP: 19/19 MP: 3/3
   543 | D:2      | Reached XP level 3. HP: 24/24 MP: 4/4
   642 | D:2      | Found an ancient bone altar of Kikubaaqudgha.
   647 | D:2      | Found a burning altar of Makhleb.
   647 | D:2      | Found a shimmering blue altar of Sif Muna.
   717 | D:2      | Reached ** piety under Wu Jian
   740 | D:3      | Reached skill level 1 in Armour
   779 | D:3      | Found a glowing drain.
   790 | Sewer    | Entered a sewer
   880 | Sewer    | Reached XP level 4. HP: 24/29 MP: 5/5
  1377 | D:3      | Slain by a gnoll

Skill      XL: |  1  2  3 |
---------------+----------+-----
Fighting       | 4 |  4.4
Dodging        | 3 |  3.2
Armour         | 1 |  1.8
Stealth        | |  1.2
Unarmed Combat | |  4.0
Spellcasting   | |  1.0
Hexes          | |  0.8

Action                   |  1- 3 |  4- 6 || total
-------------------------+-------+-------++-------
Melee: Unarmed           |   108 |    54 ||   162
       Punch             |     3 |       ||     3
Invok: Whirlwind         |    15 |     2 ||    17
       Lunge             |     4 |     3 ||     7
 Abil: Serpent's Lash    |       |     1 ||     1
  Use: Scroll            |       |     5 ||     5
 Stab: Sleeping          |     1 |       ||     1
  Eat: Chunk             |       |     2 ||     2
Armor: Robe              |     8 |       ||     8
       Scale mail        |    27 |    21 ||    48
Dodge: Dodged            |    60 |    22 ||    82
